 Dungeon Crawl Stone Soup version 0.30-a0-571-gdf30a72648 (webtiles) character file.

Game seed: 1599578181251766635

65 demibob the Poker (level 3, -1/29 HPs)
             Began as a Demonspawn Monk on Dec 29, 2022.
             Slain by a gnoll
             ... wielding a +2 whip of electrocution
              (5 damage)
             ... on level 2 of the Dungeon.
             The game lasted 00:01:38 (1254 turns).

demibob the Poker (Demonspawn Monk)                 Turns: 1254, Time: 00:01:39

Health: -1/29      AC:  3    Str: 13    XL:     3   Next: 94%
Magic:  3/3        EV: 12    Int: 11    God:
Gold:   149        SH:  0    Dex: 15    Spells: 2/2 levels left

rFire   . . .      SeeInvis .    a - +0 spear
rCold   . . .      Faith    .    (no shield)
rNeg    . . .      Spirit   .    b - +0 robe
rPois   .          Reflect  .    e - +1 hat
rElec   .          Harm     .    k - scarf {repulsion}
rCorr   .          Rampage  .    (no gloves)
Will    .....                    (no boots)
Stlth   ++                       (no amulet)
HPRegen 0.24/turn                (no ring)
MPRegen 0.08/turn                (no ring)

@: flying, repel missiles
A: weakness stinger 1
a: no special abilities


You were on level 2 of the Dungeon.
You visited 1 branch of the dungeon, and saw 2 of its levels.

You collected 149 gold pieces.


Innate Abilities, Weirdness & Mutations

You have a small tail.


   Skills:
 - Level 3.0 Fighting
 + Level 4.4 Polearms
 - Level 2.6 Dodging
 - Level 1.7 Stealth


You had 2 spell levels left.
You didn't know any spells.
Your spell library contained the following spells:

 Spells                   Type           Power      Damage    Failure   Level
 Apportation              Tloc           0%         N/A       34%         1
 Necrotise                Necr           0%         1d4       34%         1
 Summon Small Mammal      Summ           0%         N/A       34%         1
 Portal Projectile        Hex/Tloc       0%         N/A       71%         3
 Tukima's Dance           Hex            0%         N/A       71%         3
 Blade Hands              Tmut           0%         N/A       100%        5

Inventory:

Hand Weapons
 a - a +0 spear (weapon)
Armour
 b - a +0 robe (worn)
 e - a +1 hat (worn)
 k - a scarf of repulsion (worn)
Scrolls
 f - 3 scrolls of silence {!r}
 j - a scroll of brand weapon {unknown}
Potions
 c - a potion of ambrosia
 d - a potion of lignification {unknown}
 h - a potion of curing {unknown}
 i - a potion of heal wounds {unknown}

Dungeon Overview and Level Annotations

Branches:
Dungeon (2/15)

Altars:

##.#..#.....
..........#
####.#..### ###
#.[....# #..
###..... #.# #.#
#..### #)# #.#
#....# #g#
#####.###..... #@#
#............. #.#
#.###.##...... #.#
#.# #.#......#
#.###.###.##...###
#.........###.....
###.....^.# #.###.
#.#.###.# #.# #.
###.#.# #.###+###.
#.....# #.##......


You could see a gnoll.


Message History

You hit the gnoll.
The gnoll is heavily wounded.
The gnoll hits you with a +2 whip of electrocution.
* * * LOW HITPOINT WARNING * * *
You are too injured to fight recklessly!
You are too injured to fight recklessly!
You are too injured to fight recklessly!
You are too injured to fight recklessly!
You are too injured to fight recklessly!
You are too injured to fight recklessly!
You are too injured to fight recklessly!
You are too injured to fight recklessly!
You are too injured to fight recklessly!
You are too injured to fight recklessly!
You are too injured to fight recklessly!
You are too injured to fight recklessly!
You are too injured to fight recklessly!
You are too injured to fight recklessly!
You are too injured to fight recklessly!
You are too injured to fight recklessly!
You are too injured to fight recklessly!
You hit the gnoll.
The gnoll is severely wounded.
The gnoll hits you with a +2 whip of electrocution!
* * * LOW HITPOINT WARNING * * *
It was a potion of flight.
You feel very buoyant.
You fly up into the air.
The gnoll hits you with a +2 whip of electrocution.
You die...

Skill      XL: |  1  2  3 |
---------------+----------+-----
Polearms       | 3 4 |  4.4
Fighting       | |  3.0
Dodging        | |  2.6
Stealth        | |  1.7

Action                   || total
-------------------------++-------
Melee: Spear             ||   119
       Tailslap          ||     6
       Punch             ||     1
  Use: Scroll            ||     2
       Potion            ||     1
 Stab: Sleeping          ||    13
Armor: Robe              ||    10
Dodge: Dodged            ||    47

Levels and vault maps discovered:
D:1:      dpeg_arrival_tiny_c, layout_loops_ring,
          hellmonk_ecumenical_altar_prayer_group
D:2:      layout_loops_corners, minmay_unequal

Notes
Turn   | Place    | Note
-------+----------+-------------------------------------------
     0 | D:1      | demibob the Demonspawn Monk began the quest for the Orb.
     0 | D:1      | Reached XP level 1. HP: 18/18 MP: 1/1
   110 | D:1      | Reached skill level 3 in Polearms
   214 | D:1      | Gained mutation: You have a small tail. [demonic ancestry]
   214 | D:1      | Reached XP level 2. HP: 22/24 MP: 2/2
   634 | D:1      | Found a faded altar of an unknown god.
   930 | D:2      | Reached XP level 3. HP: 29/29 MP: 3/3
   954 | D:2      | Reached skill level 4 in Polearms
  1254 | D:2      | Slain by a gnoll

Vanquished Creatures
  2 gnolls (D:2)
  An adder (D:2)
  A worm (D:2)
  2 endoplasms
  A giant cockroach (D:1)
  3 goblins (D:1)
  2 hobgoblins
  6 ball pythons
  5 bats
  5 frilled lizards
  7 kobolds (D:1)
  3 rats
38 creatures vanquished.

Table legend: (Time is in decaauts)
 A = Elapsed time spent in this place.
 B = Non-inter-level travel time spent in this place.
 C = Inter-level travel time spent in this place.
 D = Time resting spent in this place.
 E = Time spent auto-exploring this place.
 F = Levels seen in this place.
 G = Mean time per level.
                   A        B        C        D        E       F      G
               +--------+--------+--------+--------+--------+-----+--------+
         Total |   1244 |   1238 |      6 |     29 |    949 |   2 |  622.0 |
       Dungeon |   1244 |   1238 |      6 |     29 |    949 |   2 |  622.0 |
               +--------+--------+--------+--------+--------+-----+--------+

Top non-repeatable levels by time:
     D:1: 719 daAuts
     D:2: 525 daAuts

Table legend:
 A = Non-vault XP
 B = Vault XP
 C = Vault XP percentage of total XP
 D = Non-vault monster count
 E = Vault monster count
 F = Vault count percentage of total count
                 A         B        C        D         E       F
            +---------+---------+-------+---------+---------+-------
      Total |      89 |       5 |   5.3 |      35 |       3 |   7.9
            +---------+---------+-------+---------+---------+-------
        D:1 |      27 |       4 |  12.9 |      19 |       2 |   9.5
        D:2 |      62 |       1 |   1.6 |      16 |       1 |   5.9
            +---------+---------+-------+---------+---------+-------
